 Dungeon Crawl Stone Soup version 0.22-a0-553-g9358b0b (webtiles) character file.

9 Amnesiac the Cutter (level 2, -1/16 HPs)
             Began as a Vine Stalker Berserker on June 25, 2018.
             Was a Follower of Trog.
             Slain by a hobgoblin
             ... wielding a +0 club
              (3 damage)
             ... on level 1 of the Dungeon.
             The game lasted 00:00:19 (186 turns).

Amnesiac the Cutter (Vine Stalker Berserker)         Turns: 186, Time: 00:00:20

Health: -1/16      AC:  2    Str: 19    XL:     2   Next: 16%
Magic:  0/3        EV: 12    Int:  7    God:    Trog [*.....]
Gold:   53         SH:  0    Dex: 13    Spells: 1/1 levels left

rFire    . . .     SeeInvis .   a - +0 short sword
rCold    . . .     Gourm    .   (no shield)
rNeg     . . .     Faith    .   b - +0 animal skin
rPois    .         Spirit   +   (no helmet)
rElec    .         Reflect  .   (no cloak)
rCorr    .         Harm     .   (no gloves)
MR       .....                  (no boots)
Stlth    +.........             (no amulet)
HPRegen  0.05/turn              (no ring)
MPRegen  0.08/turn              (no ring)

@: no status effects
A: fangs 2, magic shield, antimagic bite, no potion heal 3, rot immunity
a: Berserk, Renounce Religion


You were on level 1 of the Dungeon.
You worshipped Trog.
Trog was aware of your devotion.
You were not hungry.

You visited 1 branch of the dungeon, and saw 1 of its levels.

You collected 53 gold pieces.

Inventory:

Hand Weapons
 a - a +0 short sword (weapon)
Armour
 b - a +0 animal skin (worn)
Scrolls
 h - a scroll of enchant weapon {!r, unknown}
Potions
 d - a potion of mutation {!q, unknown}
 e - a potion of cancellation {!q, unknown}
 f - a potion of flight {!q, unknown}
Comestibles
 c - 2 rations
 g - 4 chunks of flesh


   Skills:
 + Level 2.8 Fighting
 * Level 2.9 Short Blades
 + Level 1.7 Armour
 + Level 1.7 Dodging


You had one spell level left.
You didn't know any spells.
Your spell library was empty.

Dungeon Overview and Level Annotations

Branches:
Dungeon (1/15)

Altars:


Innate Abilities, Weirdness & Mutations

You have extremely sharp teeth.
When hurt, damage is shared between your health and your magic reserves.
Your bite disrupts and absorbs the magic of your enemies.
Potions cannot restore your health.
You are immune to rotting.


Message History

h - a scroll labeled GIMNUT SOOZIU {!r} No target in view!
You now have 53 gold pieces (gained 8).
Found a glowing sapphire potion.
A bat is nearby!
A hobgoblin comes into view. It is wielding a club.
The hobgoblin shouts!
You hear a shout!
The bat barely misses you. The bat hits you but does no damage.
There are monsters nearby!
A hobgoblin comes into view.
The hobgoblin shouts!
The bat hits you.
A rat comes into view.
There are monsters nearby!
The bat hits you.
There are monsters nearby!
The bat hits you but does no damage. The hobgoblin barely misses you.
There are monsters nearby!
You closely miss the hobgoblin. The bat hits you but does no damage.
The hobgoblin hits you but does no damage.
There are monsters nearby!
You hit the hobgoblin.
The hobgoblin is heavily wounded.
The bat closely misses you. The hobgoblin barely misses you.
The hobgoblin hits you but does no damage.
There are monsters nearby!
You closely miss the hobgoblin.
The hobgoblin is heavily wounded.
The bat hits you but does no damage. The hobgoblin closely misses you.
The bat misses you. The hobgoblin misses you.
There are monsters nearby!
You hit the hobgoblin.
You kill the hobgoblin!
Trog accepts your kill. The bat hits you but does no damage.
The hobgoblin hits you with a club.
There are monsters nearby!
You hit the bat.
The bat is severely wounded.
The bat hits you but does no damage. The rat misses you.
There are monsters nearby!
You hit the hobgoblin.
The hobgoblin is heavily wounded.
The bat hits you. The hobgoblin hits you with a club.
* * * LOW HITPOINT WARNING * * *
The rat bites you but does no damage.
There are monsters nearby!
You barely miss the bat.
The bat is severely wounded.
The bat misses you. The hobgoblin hits you with a club.
* * * LOW HITPOINT WARNING * * *
The rat bites you.
* * * LOW HITPOINT WARNING * * *
There are monsters nearby!
You are too injured to fight recklessly!
There are monsters nearby!
You are too injured to fight recklessly!
There are monsters nearby!
You are too injured to fight recklessly!
There are monsters nearby!
You are too injured to fight recklessly!
You hit the hobgoblin.
The hobgoblin is severely wounded.
The hobgoblin hits you with a club.
You die...

####.#..#...
........... ..........
........ .. #.....###
.. ...#....... ....
...#..rg.###....
......b@..........
.!................#
...#................
..................... #
##................... #
#.##....##.........# #
#..................#..#
#
#..................#..#
#
#.##.#.................


You could see a hobgoblin, a bat and a rat.

Vanquished Creatures
  A goblin (D:1)
  4 hobgoblins (D:1)
  A bat (D:1)
  2 frilled lizards (D:1)
  A rat (D:1)
9 creatures vanquished.

Notes
Turn   | Place    | Note
-------+----------+-------------------------------------------
     0 | D:1      | Amnesiac the Vine Stalker Berserker began the quest for the Orb.
     0 | D:1      | Reached XP level 1. HP: 11/11 MP: 2/2
   135 | D:1      | Reached XP level 2. HP: 10/16 MP: 3/3
   186 | D:1      | Slain by a hobgoblin

Vault maps used:
D:1:      dpeg_arrival_houses_and_road

Action                   || total
-------------------------++-------
Melee: Short sword       ||    33
       Bite              ||     4
Armor: Animal skin       ||    12
Dodge: Dodged            ||    22

Table legend:
 A = Spawn XP
 B = Non-spawn XP
 C = Spawn XP percentage of total XP
 D = Spawn monster count
 E = Non-spawn monster count
 F = Spawn count percentage of total count
 G = Total turns spent on level
                    A         B        C        D         E        F      G
               +---------+---------+-------+---------+---------+-------+---------
         Total |       0 |      14 |   0.0 |       0 |       9 |   0.0 |   186
               +---------+---------+-------+---------+---------+-------+---------
           D:1 |       0 |      14 |   0.0 |       0 |       9 |   0.0 |   186
               +---------+---------+-------+---------+---------+-------+---------
